 Dungeon Crawl Stone Soup version 0.31-a0-133-gaae73658be (webtiles) character file.

Game seed: 11964687613413547296

74 Essalna the Gusty (level 4, 0/26 HPs)
             Began as a Tengu Air Elementalist on June 2, 2023.
             Slain by an orc
             ... wielding a +0 war axe
              (7 damage)
             ... on level 3 of the Dungeon.
             The game lasted 00:03:11 (2737 turns).

Essalna the Gusty (Tengu Air Elementalist)          Turns: 2737, Time: 00:03:12

Health: 0/26       AC:  2    Str:  8    XL:     4   Next: 30%
Magic:  1/8        EV: 12    Int: 18    God:
Gold:   130        SH:  0    Dex: 14    Spells: 6/7 levels left

rFire   . . .        e - +0 mace (venom)
rCold   . . .        (no shield)
rNeg    . . .        a - +0 robe
rPois   .            (helmet restricted)
rElec   .            (no cloak)
rCorr   .            (no gloves)
SInv    .            (boots unavailable)
Will    .....        (no amulet)
Stlth   ++           (no ring)
HPRegen 0.24/turn    (no ring)
MPRegen 0.11/turn

%: no passive effects
@: very slightly contaminated
A: beak, talons 3
a: no special abilities


You were on level 3 of the Dungeon.
You visited 1 branch of the dungeon, and saw 3 of its levels.

You collected 130 gold pieces.

Inventory:

Hand Weapons
 e - a +0 mace of venom (weapon)
Armour
 a - a +0 robe (worn)
Wands
 d - a wand of acid (6)
Scrolls
 c - 2 scrolls of identify
 f - a scroll of magic mapping
Potions
 b - a potion of magic
 g - a potion of curing {unknown}
 h - a potion of mutation {unknown}


   Skills:
 + Level 2.1 Fighting
 - Level 2.1 Dodging
 - Level 2.0 Stealth
 - Level 2.0 Spellcasting
 + Level 3.1 Conjurations
 + Level 5.0 Air Magic


You had 6 spell levels left.
You knew the following spells:

 Your Spells              Type           Power      Damage    Failure   Level
a - Shock                 Conj/Air       64%        1d7       3%          1

Your spell library contained the following spells:

 Spells                   Type           Power      Damage    Failure   Level
 Static Discharge         Conj/Air       32%        2-4/arc   4%          2
 Swiftness                Air            19%        N/A       7%          3
 Airstrike                Air            9%         2d(2-18)  22%         4


Dungeon Overview and Level Annotations

Branches:
Dungeon (3/15)

Altars:


Innate Abilities, Weirdness & Mutations

You have a beak for a mouth.
You have claws for feet.


Message History

Confirm with . or Enter, or press ? or * to list all spells.
Aiming: Shock (safe; 3% risk of failure)
Press: ? - help, Shift-Dir - straight line, f/p - orc wizard
Aim: an orc wizard, wielding a +0 dagger and wearing a +0 robe (lightly wounded, 64% to hit)
The zap hits the orc.
You kill the orc!
The zap hits the orc wizard.
The orc wizard is heavily wounded.
The zap hits the orc wizard.
The orc wizard is heavily wounded.
The orc wizard casts a spell at you. The puff of flame misses you.
Casting: Shock (safe; 3% risk of failure)
Confirm with . or Enter, or press ? or * to list all spells.
Aiming: Shock (safe; 3% risk of failure)
Press: ? - help, Shift-Dir - straight line, f/p - orc wizard
Aim: an orc wizard, wielding a +0 dagger and wearing a +0 robe (heavily wounded, 64% to hit)
The zap misses the orc wizard.
The zap hits the orc wizard.
The orc wizard is severely wounded.
The orc closely misses you.
The orc wizard gestures at you while chanting.
The magic dart hits you!
Casting: Shock (safe; 3% risk of failure)
Confirm with . or Enter, or press ? or * to list all spells.
Aiming: Shock (safe; 3% risk of failure)
Press: ? - help, Shift-Dir - straight line, f/p - orc wizard
Aim: an orc wizard, wielding a +0 dagger and wearing a +0 robe (severely wounded, 64% to hit)
The zap hits the orc wizard.
The orc wizard is almost dead.
The zap hits the orc wizard but does no damage.
The orc wizard is almost dead.
The orc hits you with a +0 war axe.
* * * LOW HITPOINT WARNING * * *
Casting: Shock (safe; 3% risk of failure)
Confirm with . or Enter, or press ? or * to list all spells.
Aiming: Shock (safe; 3% risk of failure)
Press: ? - help, Shift-Dir - straight line, f/p - orc wizard
Aim: an orc wizard, wielding a +0 dagger and wearing a +0 robe (almost dead, 64% to hit)
The zap misses the orc wizard.
The orc hits you with a +0 war axe!
You die...

≈...≈....#.....#
..#§§.§≈.......#
≈...≈..........#
......#.#.#.####
§#.#........#
.....§...≈..#
..≈....#....#
§....≈...≈..#
.#.#....o@).#
......#.#o#.#
≈...≈....†#.#
.#..§.≈.##!#
..≈.... .#
..).#.# .#
.#.... .# ...≈..
.# ≈§.§§#


You could see an orc wizard and an orc.

Vanquished Creatures
  An adder (D:2)
  2 worms (D:2)
  2 dart slugs (D:1)
  3 orcs
  3 ball pythons (D:1)
  A bat (D:1)
  4 endoplasms
  3 giant cockroaches
  A goblin (D:1)
  7 hobgoblins
  10 kobolds
  3 quokkas
  A frilled lizard (D:2)
  5 rats
46 creatures vanquished.

Notes
Turn   | Place    | Note
-------+----------+-------------------------------------------
     0 | D:1      | Essalna the Tengu Air Elementalist began the quest for the
                  | Orb.
     0 | D:1      | Reached XP level 1. HP: 10/10 MP: 4/4
   221 | D:1      | Reached XP level 2. HP: 10/16 MP: 1/6
   430 | D:1      | Reached skill level 1 in Fighting
   674 | D:1      | Reached XP level 3. HP: 20/20 MP: 5/7
  1874 | D:2      | Reached XP level 4. HP: 26/26 MP: 0/8
  2363 | D:2      | Reached skill level 5 in Air Magic
  2737 | D:3      | Slain by an orc

Illustrated notes

Levels and vault maps discovered:
D:1:      elethiomel_arrival_infinity_welcomes_careful_drivers, layout_basic,
          nicolae_eternal_life
D:2:      layout_loops_ring
D:3:      layout_rooms, nicolae_qazlal_general_emergency,
          nicolae_kite_square_tiling_tiny

Skill      XL: |  1  2  3  4 |
---------------+-------------+-----
Conjurations   | 2 3 |  3.1
Fighting       | 1 2 |  2.1
Air Magic      | 5 |  5.0
Dodging        | |  2.1
Stealth        | |  2.0
Spellcasting   | |  2.0

Action                     |  1- 3 |  4- 6 || total
---------------------------+-------+-------++-------
  Melee: Unarmed           |    14 |       ||    14
         Kick              |     9 |       ||     9
         Peck              |     2 |       ||     2
         Mace              |    16 |       ||    16
   Cast: Shock             |    70 |    31 ||   101
    Use: Scroll            |     2 |     1 ||     3
   Stab: Sleeping          |     1 |       ||     1
 Armour: Robe              |     5 |       ||     5
  Dodge: Dodged            |    30 |     7 ||    37

Table legend: (Time is in decaauts)
 A = Elapsed time spent in this place.
 B = Non-inter-level travel time spent in this place.
 C = Inter-level travel time spent in this place.
 D = Time resting spent in this place.
 E = Time spent auto-exploring this place.
 F = Levels seen in this place.
 G = Mean time per level.
                   A        B        C        D        E       F      G
               +--------+--------+--------+--------+--------+-----+--------+
         Total |   2742 |   2660 |     82 |      0 |   2410 |   3 |  914.0 |
       Dungeon |   2742 |   2660 |     82 |      0 |   2410 |   3 |  914.0 |
               +--------+--------+--------+--------+--------+-----+--------+

Top non-repeatable levels by time:
     D:1: 1502 daAuts
     D:2: 1052 daAuts
     D:3: 187 daAuts
